 Seeded DCSS version 0.28-a0-631-g0446da8ef9 (webtiles) character file.

Game seed: 45362 (custom seed)

669 a11behringer the Firebug (level 7, -5/75 HPs)
             Began as a Demigod Fire Elementalist on Oct 9, 2021.
             Slain by a mummy (13 damage)
             ... in an ossuary.
             The game lasted 00:23:03 (3970 turns).

a11behringer the Firebug (DgFE)                     Turns: 3970, Time: 00:23:05

Health: -5/75      AC:  3    Str:  9    XL:     7   Next: 10%
Magic:  2/16       EV: 12    Int: 25    God:
Gold:   135        SH:  0    Dex: 14    Spells: 11/14 levels left

rFire   + . .      SeeInvis .   g - staff of fire
rCold   . . .      Faith    .   (no shield)
rNeg    . . .      Spirit   .   f - +0 robe {Will+}
rPois   .          Reflect  .   (no helmet)
rElec   .          Harm     .   q - +0 cloak
rCorr   .          Rampage  .   (no gloves)
Will    +....                   (no boots)
Stlth   ..........              (no amulet)
HPRegen 0.22/turn               r - +4 ring of slaying
MPRegen 0.15/turn               (no ring)

@: berserking (expiring), marked, very quick
A: high mp 1, forlorn
a: no special abilities


You were in an ossuary.
You visited 1 branch of the dungeon, and saw 4 of its levels.
You also visited: Ossuary.

You collected 135 gold pieces.

Inventory:

Hand Weapons
 c - a +0 spear
 p - a +3 quarterstaff of chaos
 s - a +0 trident
Armour
 a - a +0 robe
 f - a +0 robe of willpower (worn)
 q - a +0 cloak (worn)
Magical Staves
 g - a staff of fire (weapon)
Jewellery
 r - a +4 ring of slaying (left hand)
Wands
 j - a wand of polymorph (9)
 l - a wand of flame (17)
Scrolls
 i - 2 scrolls of magic mapping
Potions
 d - a potion of haste {unknown}
 e - 2 potions of brilliance
 h - 3 potions of curing
 k - 3 potions of mutation
 m - a potion of might {unknown}
 n - a potion of heal wounds {unknown}


   Skills:
 + Level 0.1 Polearms
 + Level 2.2 Dodging
 + Level 2.5 Stealth
 + Level 4.3 Spellcasting
 + Level 2.6 Conjurations
 + Level 5.2 Fire Magic


You had 11 spell levels left.
You knew the following spells:

 Your Spells              Type           Power      Damage    Failure   Level
a - Foxfire               Conj/Fire      100%       2x1d9     1%          1
b - Scorch                Fire           94%        2d9       1%          2

Your spell library contained the following spells:

 Spells                   Type           Power      Damage    Failure   Level
 Conjure Flame            Conj/Fire      38%        6-21      5%          3
 Inner Flame              Hex/Fire       27%        N/A       9%          3
 Slow                     Hex            5%         N/A       13%         2
 Flame Wave               Conj/Fire      38%        3d8       17%         4
 Confusing Touch          Hex            5%         N/A       26%         3
 Vampiric Draining        Necr           2%         2d6       26%         3


Dungeon Overview and Level Annotations

Branches:
Dungeon (4/15)            Ossuary (1/1)
 Temple: D:4-7

Shops:
D:3 *


Innate Abilities, Weirdness & Mutations

Your attributes grow dramatically as you level up.
You have an increased reservoir of magic. (+10% MP)
You shall have no god before yourself.


Message History

The mummy is heavily damaged.
The centaur zombie closely misses you. The centaur zombie kicks you.
The centaur zombie barely misses you. The centaur zombie closely misses you.
The centaur zombie hits you. The centaur zombie barely misses you.
You hit the mummy.
The mummy is severely damaged.
The centaur zombie hits you. The centaur zombie kicks you.
The centaur zombie hits you but does no damage.
The centaur zombie closely misses you. The centaur zombie barely misses you.
The centaur zombie kicks you but does no damage.
The mummy closely misses you.
You hit the mummy but do no damage.
The mummy is severely damaged.
The centaur zombie hits you.
* * * LOW HITPOINT WARNING * * *
The centaur zombie closely misses you.
A centaur zombie comes into view.
The centaur zombie hits you.
* * * LOW HITPOINT WARNING * * *
The centaur zombie barely misses you. The centaur zombie hits you.
* * * LOW HITPOINT WARNING * * *
The centaur zombie kicks you.
* * * LOW HITPOINT WARNING * * *
You hit the mummy.
The mummy is almost destroyed.
The centaur zombie hits you.
* * * LOW HITPOINT WARNING * * *
The centaur zombie kicks you but does no damage.
The centaur zombie hits you.
* * * LOW HITPOINT WARNING * * *
The centaur zombie kicks you.
* * * LOW HITPOINT WARNING * * *
The centaur zombie barely misses you. The centaur zombie kicks you.
* * * LOW HITPOINT WARNING * * *
You barely miss the mummy.
The mummy is almost destroyed.
The centaur zombie hits you but does no damage.
The centaur zombie kicks you but does no damage.
The mummy hits you!
You die...

# ####
#.#.#.###########
.....^..........##
^..^..^..........#
...^^....∩.∩..ZZ.#
..........Z...Z@.#
..^..^........M.##
#.#.#.###########
# # ##


You could see a mummy and 4 centaur zombies.

Vanquished Creatures
  Grinder (D:3)
  Sigmund (D:3)
  A centaur zombie (Ossuary)
  Crazy Yiuf (D:3)
  Jessica (D:2)
  An iguana (D:4)
  Natasha (thrice) (D:2)
  Terence (D:2)
  A hound skeleton (D:4)
  3 mummies
  4 adders
  2 adder skeletons
  A worm (D:3)
  A dart slug (D:1)
  An orc (D:3)
  3 bats
  5 endoplasms
  3 giant cockroaches
  4 goblins (D:1)
  6 hobgoblins
  A quokka (D:4)
  3 ball pythons
  2 hobgoblin zombies (Ossuary)
  5 kobolds
  3 rats
58 creatures vanquished.

Vanquished Creatures (others)
  186 foxfires
186 creatures vanquished.

Grand Total: 244 creatures vanquished

Notes
Turn   | Place    | Note
-------+----------+-------------------------------------------
     0 | D:1      | a11behringer the Demigod Fire Elementalist began the quest
                  | for the Orb.
     0 | D:1      | Reached XP level 1. HP: 14/14 MP: 5/5
    38 | D:1      | Upgraded the game from 0.28-a0-628-g3c9886e45e to
                  | 0.28-a0-631-g0446da8ef9
   289 | D:1      | Reached skill level 3 in Fire Magic
   355 | D:1      | Reached skill level 1 in Conjurations
   492 | D:1      | Reached XP level 2. HP: 20/20 MP: 5/7
  1435 | D:2      | Learned a level 2 spell: Scorch
  1445 | D:2      | Reached XP level 3. HP: 21/26 MP: 3/8
  1575 | D:2      | Noticed Jessica
  1583 | D:2      | Killed Jessica
  1692 | D:2      | Noticed Terence
  1700 | D:2      | Killed Terence
  1701 | D:2      | Reached XP level 4. HP: 33/33 MP: 0/10
  1783 | D:2      | Noticed Natasha
  1799 | D:2      | Killed Natasha
  2266 | D:2      | Noticed Natasha
  2273 | D:2      | Killed Natasha
  2413 | D:2      | Noticed Natasha
  2422 | D:2      | Killed Natasha
  2423 | D:2      | Reached skill level 4 in Fire Magic
  2423 | D:2      | Reached XP level 5. HP: 38/38 MP: 0/12
  2709 | D:3      | Noticed Sigmund
  2717 | D:3      | Killed Sigmund
  2718 | D:3      | Reached XP level 6. HP: 36/45 MP: 5/14
  2850 | D:3      | Found a runed translucent door.
  2851 | D:3      | Noticed Crazy Yiuf
  2876 | D:3      | Found Asmiusae's General Store.
  2878 | D:3      | Noticed Grinder
  2890 | D:3      | Killed Grinder
  3314 | D:3      | Killed Crazy Yiuf
  3449 | D:4      | Reached skill level 5 in Fire Magic
  3905 | D:4      | Found a sand-covered staircase.
  3909 | D:4      | Reached XP level 7. HP: 50/50 MP: 9/16
  3912 | Ossuary  | Entered an ossuary
  3970 | Ossuary  | Slain by a mummy

Illustrated notes

Levels and vault maps discovered:
D:1:      ncdulo_lavacross, layout_basic, ebering_ecumenical_altar_sacrificial
D:2:      layout_basic, serial_corexii_hall, chequers_hall_statues_y,
          corexii_hall_statues_i, uniq_terence, uniq_jessica, uniq_natasha
D:3:      layout_rooms, serial_shops, shop_fountains, eino_tiny_chamber,
          uniq_grinder, uniq_sigmund, uniq_crazy_yiuf_cottage
D:4:      layout_cave_pods, nicolae_ossuary_entry_giza
Ossuary:  ossuary_the_hunt_dpeg

Skill      XL: |  1  2  3  4  5  6 |
---------------+-------------------+-----
Fire Magic     | 3 4 5 |  5.2
Conjurations   | 1 2 |  2.6
Spellcasting   | 2 3 4 |  4.3
Dodging        | 2 |  2.2
Stealth        | 2 |  2.5
Polearms       | |  0.1

Action                   |  1- 3 |  4- 6 |  7- 9 || total
-------------------------+-------+-------+-------++-------
Melee: Spear             |    10 |     9 |       ||    19
       Staff             |       |       |    14 ||    14
 Cast: Foxfire           |    59 |    46 |     6 ||   111
       Scorch            |     2 |    31 |     5 ||    38
  Use: Scroll            |       |     5 |       ||     5
       Potion            |       |       |     1 ||     1
Armor: Robe              |     7 |     3 |    23 ||    33
Dodge: Dodged            |    13 |    25 |    31 ||    69

Table legend: (Time is in decaauts)
 A = Elapsed time spent in this place.
 B = Non-inter-level travel time spent in this place.
 C = Inter-level travel time spent in this place.
 D = Time resting spent in this place.
 E = Time spent auto-exploring this place.
 F = Levels seen in this place.
 G = Mean time per level.
                   A        B        C        D        E       F      G
               +--------+--------+--------+--------+--------+-----+--------+
         Total |   3968 |   3494 |    474 |      0 |   2999 |   5 |  793.6 |
       Dungeon |   3911 |   3437 |    474 |      0 |   2999 |   4 |  977.8 |
       Ossuary |     57 |     57 |      0 |      0 |      0 |   1 |   57.0 |
               +--------+--------+--------+--------+--------+-----+--------+

Top non-repeatable levels by time:
     D:2: 1312 daAuts
     D:1: 1289 daAuts
     D:3: 846 daAuts
     D:4: 463 daAuts
 Ossuary: 57 daAuts
